General information
- name: BNet
- type: Ladder 1vs1/FFA
- host: Battle.net
- saver: GnR155
map: GnollWood
- players: 2
- length: 47:00
- speed: Fast
- version: 1.26 W3XP
- replay type: Public
» download(161 KB)
Players
team 1 (loser)
surewhynot- (
teal | 86 APM | 4056 actions | 46:58)
10 Blademaster
3 Wind Walk
3 Critical Strike
1 Bladestorm
3 Mirror Image
» actions
| Basic commands | 4 | |
| Build / train | 120 | |
| ESC pressed | 7 | |
| Enter build submenu | 74 | |
| Enter hero's abilities submenu | 10 | |
| Give item / drop item | 9 | |
| Remove unit from queue | 2 | |
| Right click | 2831 | |
| Select / deselect | 659 | |
| Use ability | 337 | |
4056 total
» units
| Peon | 28 | |
| Demolisher | 1 | |
| Troll Batrider | 29 | |
58 total
» upgrades
| Spiked Barricades | 1 | |
| Reinforced Defenses | 1 | |
| Burning Oil | 1 | |
| Ranged Weapons | 3 | |
| Armor | 2 | |
| Liquid Fire | 1 | |
9 total
» buildings
| Altar of Storms | 1 | |
| Orc Burrow | 4 | |
| Voodoo Lounge | 1 | |
| War Mill | 3 | |
| Stronghold | 1 | |
| Watch Tower | 58 | |
| Fortress | 1 | |
| Barracks | 1 | |
| Great Hall | 1 | |
| Beastiary | 2 | |
73 total
» build order
00:07 Altar of Storms
00:10 Orc Burrow
01:04 Voodoo Lounge
01:33 War Mill
02:43 Stronghold
02:54 Watch Tower
03:11 Watch Tower
03:31 Watch Tower
04:45 Watch Tower
05:09 Fortress
05:59 Watch Tower
08:04 Barracks
08:08 Orc Burrow
09:05 Watch Tower
09:06 Watch Tower
09:07 Watch Tower
09:08 Watch Tower
10:11 Watch Tower
10:11 Watch Tower
10:13 Watch Tower
10:14 Watch Tower
11:30 Watch Tower
11:33 Watch Tower
12:32 Watch Tower
12:34 Watch Tower
12:36 Watch Tower
13:17 Watch Tower
13:19 Watch Tower
13:55 Great Hall
14:25 Watch Tower
14:27 Watch Tower
15:00 Beastiary
18:50 War Mill
19:38 Orc Burrow
20:47 Watch Tower
20:48 Watch Tower
21:40 Beastiary
22:50 Orc Burrow
24:01 Watch Tower
24:02 Watch Tower
24:03 Watch Tower
24:03 Watch Tower
25:14 War Mill
25:57 Watch Tower
26:51 Watch Tower
27:20 Watch Tower
27:39 Watch Tower
29:12 Watch Tower
29:15 Watch Tower
29:48 Watch Tower
33:03 Watch Tower
33:03 Watch Tower
33:04 Watch Tower
33:25 Watch Tower
33:25 Watch Tower
33:58 Watch Tower
33:58 Watch Tower
35:35 Watch Tower
35:36 Watch Tower
35:36 Watch Tower
35:38 Watch Tower
36:57 Watch Tower
37:00 Watch Tower
37:01 Watch Tower
37:06 Watch Tower
41:36 Watch Tower
41:38 Watch Tower
41:40 Watch Tower
42:10 Watch Tower
42:44 Watch Tower
42:45 Watch Tower
42:46 Watch Tower
43:47 Watch Tower
» items
| Healing Salve | 8 | |
| Lesser Clarity Potion | 3 | |
| Circlet of Nobility | 1 | |
| Boots of Speed | 4 | |
| Potion of Healing | 12 | |
| Potion of Mana | 5 | |
| Orb of Lightning | 2 | |
35 total
team 2 (winner)
GnR155 (
blue | 125 APM | 5857 actions | 47:00)
8 Goblin Tinker
3 Pocket Factory
3 Engineering Upgrade
1 Robo-Goblin
1 Cluster Rockets
» actions
| Assign group hotkey | 76 | |
| Basic commands | 10 | |
| Build / train | 161 | |
| ESC pressed | 7 | |
| Enter build submenu | 41 | |
| Enter hero's abilities submenu | 8 | |
| Give item / drop item | 9 | |
| Remove unit from queue | 1 | |
| Right click | 2619 | |
| Select / deselect | 973 | |
| Select group hotkey | 1766 | |
| Use ability | 186 | |
5857 total
» units
| Wisp | 45 | |
| Huntress | 4 | |
| Archer | 6 | |
| Druid of the Talon | 22 | |
| Dryad | 21 | |
| Faerie Dragon | 1 | |
| Chimaera | 19 | |
118 total
» upgrades
| Sentinel | 1 | |
| Improved Bows | 1 | |
| Druid of the Talon Training | 2 | |
| Abolish Magic | 1 | |
| Well Spring | 1 | |
| Reinforced Hides | 3 | |
| Strength of the Wild | 2 | |
| Nature's Blessing | 1 | |
| Ultravision | 1 | |
| Corrosive Breath | 1 | |
14 total
» buildings
| Moon Well | 6 | |
| Altar of Elders | 1 | |
| Hunter's Hall | 1 | |
| Ancient of War | 1 | |
| Ancient of Wonders | 1 | |
| Ancient Protector | 13 | |
| Tree of Ages | 2 | |
| Ancient of Wind | 1 | |
| Ancient of Lore | 1 | |
| Tree of Eternity | 2 | |
| Tree of Life | 9 | |
| Chimaera Roost | 1 | |
39 total
» build order
00:18 Moon Well
01:13 Altar of Elders
01:59 Hunter's Hall
02:02 Ancient of War
02:06 Moon Well
02:29 Moon Well
02:39 Ancient of Wonders
03:02 Ancient Protector
03:39 Tree of Ages
05:44 Moon Well
06:07 Ancient of Wind
06:22 Ancient of Lore
08:51 Moon Well
09:35 Ancient Protector
10:36 Ancient Protector
11:44 Tree of Eternity
12:19 Tree of Life
13:06 Tree of Life
14:39 Chimaera Roost
15:25 Tree of Life
15:50 Ancient Protector
16:19 Moon Well
18:56 Ancient Protector
19:17 Ancient Protector
20:54 Ancient Protector
21:48 Ancient Protector
23:54 Tree of Life
23:56 Ancient Protector
24:53 Tree of Life
30:25 Tree of Life
33:36 Tree of Life
34:58 Ancient Protector
37:19 Tree of Ages
38:32 Ancient Protector
39:14 Ancient Protector
40:18 Tree of Life
41:13 Tree of Life
42:58 Tree of Eternity
44:00 Ancient Protector
» items
| Staff of Teleportation | 3 | |
| Boots of Speed | 1 | |
| Potion of Lesser Invulnerability | 3 | |
| Scroll of Protection | 1 | |
| Scroll of Town Portal | 1 | |
| Dust of Appearance | 1 | |
| Potion of Invisibility | 2 | |
| Moonstone | 1 | |
13 total
Chat log
(00:23 / All) GnR155: what hero you want me to get
(00:50 / All) GnR155: sure why not
(17:49 / All) GnR155: even with mh.. you suck balls
(34:40 / All) GnR155: nh more noob
(42:11 / All) GnR155: dumb fucking maphcking noob
(43:41 / All) GnR155: NOOB